SKY
MEMPHIS BLUES @ MONTREAL EXPOS
03/12/2052
 
TOP OF THE 1ST
Memphis Blues batting - Pitching for Montreal Expos : RHP Graham Doss
Pitching: RHP Graham Doss
Batting: RHB Oscar Acosta 0-0: Ball
1-0: Called Strike
1-1: Ground out 1-3 (Groundball, 15S, EV 69.4 MPH)
Batting: LHB Brandon Brosnan 0-0: Ball
1-0: Ball
2-0: Ground out 4-3 (Groundball, 4, EV 101.3 MPH)
Batting: LHB Max Foster 0-0: Foul Ball, location: 23F
0-1: Ball
1-1: Ground out 4-3 (Groundball, 4D, EV 84.4 MPH)
Top of the 1st over - 0 runs, 0 hits, 0 errors, 0 left on base; Memphis 0 - Montreal 0
BOTTOM OF THE 1ST
Montreal Expos batting - Pitching for Memphis Blues : RHP Connor Perry
Pitching: RHP Connor Perry
Batting: RHB Bassett Kries 0-0: Called Strike
0-1: Foul Ball, location: 9LSF
0-2: Ball
1-2: Ball
2-2: Ball
3-2: SINGLE (Groundball, 4M, EV 103.1 MPH) (infield hit)
Batting: RHB Sebastian Reber 0-0: Ball
1-0: Called Strike
Bassett Kries steals 2nd base
1-1: Ground out 6-3 (Groundball, 6, EV 101.3 MPH)
Batting: RHB Jesse McCabe 0-0: Ball
1-0: Called Strike
1-1: Ball
2-1: Ball
3-1: Swinging Strike
3-2: Ground out U3 (Groundball, 34, EV 107.5 MPH)
Bassett Kries to third
Batting: RHB Jin-Seo Yun 0-0: Ball
1-0: Swinging Strike
1-1: Fly out, F4 (Line Drive, 4, EV 70.0 MPH)
Bottom of the 1st over - 0 runs, 1 hit, 0 errors, 1 left on base; Memphis 0 - Montreal 0
TOP OF THE 2ND
Memphis Blues batting - Pitching for Montreal Expos : RHP Graham Doss
Batting: LHB Alex Nicholson 0-0: Ball
1-0: DOUBLE (Flyball, 89XD, EV 105.0 MPH)
Pitching: RHP Billy Rivas
Batting: LHB Nimio Aparicio 0-0: Ball
1-0: Ball
2-0: Foul Ball, location: 2LF
Balk!
Alex Nicholson to third
2-1: Foul Ball, location: 7LSF
2-2: Foul Ball, location: 7LSF
2-2: Foul Ball, location: 2F
2-2: SINGLE (Groundball, P, EV 92.5 MPH) (infield hit)
Alex Nicholson scores
Batting: RHB Yefferson Parras 0-0: Called Strike
0-1: Foul Ball, location: 23F
0-2: Foul Ball, location: 2LF
0-2: Ball
1-2: Fly out, F7 (Flyball, 7D, EV 82.5 MPH)
Batting: SHB Ishmael Baptiste 0-0: Ball
1-0: Fly out, F9 (Flyball, 9D, EV 91.9 MPH)
Batting: LHB Geoffrey Haycraft 0-0: Ball
1-0: Called Strike
1-1: Called Strike
1-2: Ground out 4-3 (Groundball, 4, EV 84.4 MPH)
Top of the 2nd over - 1 run, 2 hits, 0 errors, 1 left on base; Memphis 1 - Montreal 0
BOTTOM OF THE 2ND
Montreal Expos batting - Pitching for Memphis Blues : RHP Connor Perry
Batting: LHB Samuel Banda 0-0: Called Strike
0-1: Ball
1-1: Fly out, F7 (Flyball, 78XD, EV 106.3 MPH)
Batting: LHB Augustin Urena 0-0: Ball
1-0: Ground out 4-3 (Groundball, 4, EV 100.6 MPH)
Batting: LHB Curt Skora 0-0: Called Strike
0-1: Ground out U3 (Groundball, 13, EV 86.3 MPH)
Bottom of the 2nd over - 0 runs, 0 hits, 0 errors, 0 left on base; Memphis 1 - Montreal 0
TOP OF THE 3RD
Memphis Blues batting - Pitching for Montreal Expos : RHP Billy Rivas
Batting: RHB Marek Enge 0-0: Ball
1-0: Called Strike
1-1: Called Strike
1-2: Strikes out looking
Batting: RHB Oscar Acosta 0-0: Ball
1-0: Swinging Strike
1-1: Swinging Strike
1-2: Strikes out swinging
Batting: LHB Brandon Brosnan 0-0: Fly out, F8 (Flyball, 8LD, EV 93.1 MPH)
Top of the 3rd over - 0 runs, 0 hits, 0 errors, 0 left on base; Memphis 1 - Montreal 0
BOTTOM OF THE 3RD
Montreal Expos batting - Pitching for Memphis Blues : RHP Connor Perry
Batting: SHB Dylan Jakab 0-0: Ball
1-0: Swinging Strike
1-1: Foul Ball, location: 7LSF
1-2: Ball
2-2: Ball
3-2: Base on Balls
Batting: LHB Hugo Texido 0-0: Ball
1-0: Ball
2-0: Ball
3-0: Swinging Strike
3-1: Sac Bunt to 2R - play at first, batter OUT! 2-3
Dylan Jakab to second
Batting: RHB Bassett Kries 0-0: Called Strike
0-1: Swinging Strike
0-2: Strikes out swinging
Batting: RHB Sebastian Reber 0-0: Ball
Wild Pitch!
Dylan Jakab to third
1-0: DOUBLE (Flyball, 8RD, EV 90.0 MPH)
Dylan Jakab scores
Batting: RHB Jesse McCabe 0-0: Ball
1-0: Foul Ball, location: 2F
1-1: Called Strike
1-2: Foul Ball, location: 2F
1-2: Foul Ball, location: 2F
1-2: Ball
2-2: Fly out, F7 (Line Drive, 7, EV 92.5 MPH)
Bottom of the 3rd over - 1 run, 1 hit, 0 errors, 1 left on base; Memphis 1 - Montreal 1
TOP OF THE 4TH
Memphis Blues batting - Pitching for Montreal Expos : RHP Billy Rivas
Pitching: LHP J.D. Taylor
Batting: LHB Max Foster 0-0: Ball
1-0: Foul Ball, location: 2F
1-1: Called Strike
1-2: Strikes out swinging
Batting: LHB Alex Nicholson 0-0: Foul Ball, location: 2F
0-1: SINGLE (Groundball, 4MD, EV 106.3 MPH)
Batting: LHB Nimio Aparicio 0-0: Fielders Choice at 2nd, 6-4 (Groundball, 6, EV 104.4 MPH)
Batting: RHB Yefferson Parras 0-0: Ball
1-0: SINGLE (Groundball, 4D, EV 95.0 MPH)
Nimio Aparicio to second
Runner from 2nd tries for 3rd, SAFE, no throw by CF
Batting: SHB Ishmael Baptiste 0-0: SINGLE (Groundball, 4MD, EV 98.1 MPH)
Nimio Aparicio scores
Yefferson Parras to second
Batting: LHB Geoffrey Haycraft 0-0: Fielders Choice at 2nd, 6-4 (Groundball, 6, EV 101.3 MPH)
Top of the 4th over - 1 run, 3 hits, 0 errors, 2 left on base; Memphis 2 - Montreal 1
BOTTOM OF THE 4TH
Montreal Expos batting - Pitching for Memphis Blues : RHP Connor Perry
Batting: RHB Jin-Seo Yun 0-0: Ball
1-0: Called Strike
1-1: Foul Ball, location: 2F
1-2: Foul Ball, location: 2F
1-2: Ball
2-2: Strikes out swinging
Batting: LHB Samuel Banda 0-0: Ball
1-0: Called Strike
1-1: SOLO HOME RUN (Line Drive, 7D, EV 108.8 MPH), Distance : 429 ft
Batting: LHB Augustin Urena 0-0: Called Strike
0-1: Ball
1-1: Ground out 4-3 (Groundball, 4S, EV 81.9 MPH)
Batting: LHB Curt Skora 0-0: Ball
1-0: Ball
2-0: Ball
3-0: Called Strike
3-1: Ground out 3-1 (Groundball, 34, EV 78.8 MPH)
Bottom of the 4th over - 1 run, 1 hit, 0 errors, 0 left on base; Memphis 2 - Montreal 2
TOP OF THE 5TH
Memphis Blues batting - Pitching for Montreal Expos : LHP J.D. Taylor
Now in CF: Bassett Kries
Now in RF: Kevin Holly
Pinch Hitting: RHB Julien Straton 0-0: Ball
1-0: Foul Ball, location: 9LMF
1-1: SINGLE (Groundball, 34D, EV 97.5 MPH)
Batting: LHB Caleb Oliver 0-0: Called Strike
0-1: Called Strike
0-2: Ball
1-2: Ball
2-2: Foul Ball, location: 25F
2-2: Strikes out swinging
Pinch Hitting: RHB Urso Cardona 0-0: Swinging Strike
0-1: Fly out, F7 (Line Drive, 78M, EV 95.6 MPH)
Batting: LHB Max Foster 0-0: Ball
Julien Straton steals 2nd base
1-0: Fly out, F5 (Popup, 5F, EV 71.3 MPH)
Top of the 5th over - 0 runs, 1 hit, 0 errors, 1 left on base; Memphis 2 - Montreal 2
BOTTOM OF THE 5TH
Montreal Expos batting - Pitching for Memphis Blues : RHP Connor Perry
Pitching: RHP Aaron Yeomans
Now at 1B: Yohan Roque
Now at 2B: Julien Straton
Now at 3B: Yefferson Parras
Now at SS: Sheldon Girt
Now in LF: Max Foster
Now in CF: Val GutiƩrrez
Now in RF: Urso Cardona
Batting: SHB Dylan Jakab 0-0: Called Strike
0-1: Foul Ball, location: 3SF
0-2: Ball
1-2: Ground out 4-3 (Groundball, 4MD, EV 104.4 MPH)
Batting: LHB Hugo Texido 0-0: Ball
1-0: Ball
2-0: Ball
3-0: Called Strike
3-1: Base on Balls
Pinch Hitting: SHB Elwood Sehi 0-0: Called Strike
0-1: DOUBLE (Flyball, 8RXD, EV 93.1 MPH)
Hugo Texido to third
Runner from 3rd tries for Home, SAFE, no throw by CF
Pinch Runner at 2nd Jake Tarver:
Batting: RHB Sebastian Reber 0-0: Ball
1-0: Ball
2-0: Called Strike
2-1: Foul Ball, location: 9LMF
2-2: Ground out 5-3 (Groundball, 56S, EV 63.8 MPH)
Jake Tarver to third
Pinch Hitting: RHB Aaron Bardales 0-0: Ball
1-0: Foul Ball, location: 2F
1-1: Ball
2-1: Foul Ball, location: 5DF
2-2: Foul Ball, location: 7LSF
2-2: Ball
3-2: Foul Ball, location: 2F
3-2: Strikes out looking
Bottom of the 5th over - 1 run, 1 hit, 0 errors, 1 left on base; Memphis 2 - Montreal 3
TOP OF THE 6TH
Memphis Blues batting - Pitching for Montreal Expos : LHP J.D. Taylor
Pitching: LHP Christopher Sexton
Now at 1B: Aaron Bardales
Now in LF: Judah Weller
Now in CF: Kevin Holly
Now in RF: Jake Tarver
Batting: RHB Yohan Roque 0-0: Called Strike
0-1: Foul Ball, location: 9LSF
0-2: Foul Ball, location: 2F
0-2: Fly out, F7 (Flyball, 7, EV 91.3 MPH)
Pinch Hitting: RHB Derek Clegg 0-0: Ground out 6-3 (Groundball, 6, EV 81.9 MPH)
Pinch Hitting: RHB Nehemiah Pruitt 0-0: Called Strike
0-1: Ball
1-1: Ball
2-1: Ground out 6-3 (Groundball, 6, EV 92.5 MPH)
Top of the 6th over - 0 runs, 0 hits, 0 errors, 0 left on base; Memphis 2 - Montreal 3
BOTTOM OF THE 6TH
Montreal Expos batting - Pitching for Memphis Blues : RHP Aaron Yeomans
Pitching: LHP Lee Walker
Now at 3B: Sheldon Girt
Now at SS: Nehemiah Pruitt
Now in CF: Urso Cardona
Now in RF: Derek Clegg
Batting: RHB Judah Weller 0-0: Ball
1-0: Ball
2-0: Ground out 4-3 (Groundball, 4, EV 84.4 MPH)
Pinch Hitting: SHB A.J. Comings 0-0: Called Strike
0-1: Foul Ball, location: 3DF
0-2: Ball
1-2: SINGLE (Line Drive, 6D, EV 103.8 MPH)
Batting: RHB Kevin Holly 0-0: Ball
1-0: Called Strike
1-1: Fielders Choice at 2nd, 4-6 (Groundball, 4M, EV 86.9 MPH)
Batting: LHB Kim Tobias 0-0: Ball
1-0: Ball
2-0: Ball
3-0: Base on Balls
Kevin Holly to second
Batting: SHB Dylan Jakab 0-0: Ball
1-0: Ball
2-0: Ball
3-0: Called Strike
3-1: Base on Balls
Kevin Holly to third
Kim Tobias to second
Pinch Hitting: SHB Ben McKim 0-0: Called Strike
0-1: Ball
1-1: Foul Ball, location: 2F
1-2: Foul Ball, location: 5F
1-2: Ground out 4-3 (Groundball, 4, EV 100.6 MPH)
Bottom of the 6th over - 0 runs, 1 hit, 0 errors, 3 left on base; Memphis 2 - Montreal 3
TOP OF THE 7TH
Memphis Blues batting - Pitching for Montreal Expos : LHP Christopher Sexton
Now at 3B: Ben McKim
Now at SS: A.J. Comings
Batting: SHB Ishmael Baptiste 0-0: Fly out, F9 (Line Drive, 89M, EV 98.1 MPH)
Batting: RHB Sheldon Girt 0-0: Called Strike
0-1: Ground out 6-3 (Groundball, 6, EV 88.1 MPH)
Batting: RHB Julien Straton 0-0: Ball
1-0: Foul Ball, location: 9LMF
1-1: Ball
2-1: Foul Ball, location: 2F
2-2: Strikes out swinging
Top of the 7th over - 0 runs, 0 hits, 0 errors, 0 left on base; Memphis 2 - Montreal 3
BOTTOM OF THE 7TH
Montreal Expos batting - Pitching for Memphis Blues : LHP Lee Walker
Pitching: RHP B.J. Gaber
Batting: LHB Jake Tarver 0-0: Called Strike
0-1: Ball
1-1: Ground out 4-3 (Groundball, 4, EV 90.0 MPH)
Batting: RHB Sebastian Reber 0-0: Fly out, F5 (Line Drive, 5L, EV 75.6 MPH)
Batting: RHB Aaron Bardales 0-0: SINGLE (Line Drive, 7LS, EV 101.9 MPH)
Batting: RHB Judah Weller 0-0: Ball
1-0: Ball
Aaron Bardales steals 2nd base
2-0: Ball
3-0: Called Strike
3-1: Swinging Strike
3-2: Fly out, F9 (Flyball, 9, EV 83.8 MPH)
Bottom of the 7th over - 0 runs, 1 hit, 0 errors, 1 left on base; Memphis 2 - Montreal 3
TOP OF THE 8TH
Memphis Blues batting - Pitching for Montreal Expos : LHP Christopher Sexton
Pitching: RHP J.P. Angulo
Batting: LHB Caleb Oliver 0-0: Ball
1-0: Ball
2-0: Foul Ball, location: 2LF
2-1: Ground out U3 (Groundball, 3, EV 81.9 MPH)
Batting: RHB Urso Cardona 0-0: Ball
1-0: Called Strike
1-1: Foul Ball, location: 9LSF
1-2: Ball
2-2: Fly out, F9 (Flyball, 9S, EV 71.3 MPH)
Pinch Hitting: RHB Damian Tanner 0-0: Foul Ball, location: 2F
0-1: Ball
1-1: Ball
2-1: SINGLE (Groundball, 4MD, EV 103.1 MPH)
Batting: RHB Yohan Roque 0-0: Ball
1-0: Fly out, F3 (Popup, 3SF, EV 72.5 MPH)
Top of the 8th over - 0 runs, 1 hit, 0 errors, 1 left on base; Memphis 2 - Montreal 3
BOTTOM OF THE 8TH
Montreal Expos batting - Pitching for Memphis Blues : RHP B.J. Gaber
Pitching: RHP Leon Szalay
Now in LF: Damian Tanner
Batting: SHB A.J. Comings 0-0: Foul Ball, location: 3F
0-1: Called Strike
0-2: Ball
1-2: Ball
2-2: Ball
3-2: Strikes out swinging
Batting: RHB Kevin Holly 0-0: Ball
1-0: Ball
2-0: SINGLE (Line Drive, 56D, EV 107.5 MPH)
Batting: LHB Kim Tobias 0-0: Called Strike
0-1: Ball
1-1: Swinging Strike
1-2: Strikes out swinging
Batting: SHB Dylan Jakab 0-0: Called Strike
0-1: Ball
1-1: Called Strike
1-2: Foul Ball, location: 25FF
1-2: Foul Ball, location: 2F
1-2: Ball
2-2: Ball
3-2: SINGLE (Groundball, 34D, EV 100.0 MPH)
Kevin Holly to second
Kevin Holly to third
Batting: SHB Ben McKim 0-0: Ball
1-0: Swinging Strike
1-1: SINGLE (Flyball, 34D, EV 93.8 MPH)
Kevin Holly scores
Dylan Jakab to second
Runner from 2nd tries for 3rd, SAFE, throw by RF made to third
Batting: LHB Jake Tarver 0-0: Ball
1-0: Ball
2-0: Ground out U3 (Groundball, 3, EV 84.4 MPH)
Bottom of the 8th over - 1 run, 3 hits, 0 errors, 2 left on base; Memphis 2 - Montreal 4
TOP OF THE 9TH
Memphis Blues batting - Pitching for Montreal Expos : RHP J.P. Angulo
Pitching: RHP Carlos Parra
Pinch Hitting: LHB R.J. Brown 0-0: Ball
1-0: SINGLE (Groundball, 6, EV 84.4 MPH)
Pinch Hitting: LHB Torquato Fajardo 0-0: Ball
1-0: Ball
2-0: Ball
3-0: Base on Balls
R.J. Brown to second
Pinch Hitting: RHB Simon Tovar 0-0: Foul Ball, location: 2F
0-1: Ball
1-1: Called Strike
1-2: Foul Ball, location: 5FF
1-2: Grounds into double play, 4-6-3 (Groundball, 4, EV 103.1 MPH)
R.J. Brown to third
Pinch Hitting: LHB Kent Dada 0-0: Ground out U3 (Groundball, 34S, EV 91.3 MPH)
Top of the 9th over - 0 runs, 1 hit, 0 errors, 1 left on base; Memphis 2 - Montreal 4
Saturday, April 13th , 2024 - OOTP Baseball 24.11 Build 85